Map: 블루시프트 - 래더

Players

JinairRogue (Rogue) - Winner!

  • Race: Zerg Zerg
  • League: Master
  • Spawn Location: 7:00

Stats

  • Race: Protoss Protoss
  • League: Grandmaster
  • Spawn Location: 1:00

Event: IEM Season 13 - Katowice Server Qualifiers Asia 1

VOD

Have the link to the VOD?

Description

Time

  • Played on: Jan. 14, 2019, 5:42 a.m.
  • Length: 8:34

All games in this series

Show
View Real Time Build Order
Export as new Build Order

JinairRogue Zerg - Winner!

Build Orders: Hatch First 

Get SALT Encoding   

  12  0:02  Drone  
  13  0:10  Drone  
  14  0:17  Overlord  
  14  0:23  Extractor  
  14  0:24  Drone  
  15  0:45  Hatchery  
  15  0:47  Drone  
  15  0:51  Drone  
  15  0:55  Drone  
  17  0:58  Drone  
  18  1:10  Extractor  
  17  1:14  Spawning Pool  
  17  1:17  Drone  
  17  1:20  Drone  
  18  1:31  Drone  
  19  1:41  Drone  
  20  1:49  Hatchery  
  20  1:53  Drone  
  20  2:00  Queen  
  22  2:05  Drone  
  24  2:08  Drone  
  24  2:11  Drone  
  25  2:17  Metabolic Boost  
  25  2:19  Drone  
  26  2:26  Overlord  
  26  2:30  Zergling x4  
  28  2:44  Queen  
  28  2:45  Zergling x2  
  28  2:47  Queen  
  28  2:50  Drone  
  28  2:51  Drone  
  35  2:55  Drone  
  36  3:02  Queen  
  36  3:05  Zergling x2  
  39  3:10  Overlord  
  39  3:11  Drone x2  
  41  3:15  Drone  
  42  3:27  Overlord  
  42  3:28  Queen  
  42  3:32  Drone x4  
  48  3:37  Overlord  
  48  3:38  Drone  
  49  3:44  Overlord  
  49  3:47  Drone  
  50  3:51  Spore Crawler  
  50  3:52  Spore Crawler, Drone  
  50  3:55  Drone x2  
  51  4:00  Drone x3  
  54  4:03  Drone x3  
  57  4:11  Drone x3  
  57  4:16  Overlord, Drone x3  
  63  4:21  Roach Warren  
  61  4:25  Overlord  
  61  4:26  Drone x2  
  62  4:32  Lair  
  62  4:34  Extractor  
  62  4:36  Extractor  
  60  4:39  Drone  
  60  4:40  Drone x4  
  60  4:44  Drone  
  60  4:45  Drone x3  
  69  4:48  Spore Crawler  
  69  4:50  Overlord  
  69  4:52  Drone  
  69  4:53  Drone x2  
  69  4:59  Evolution Chamber  
  71  5:00  Drone x4  
  71  5:06  Extractor  
  73  5:07  Extractor  
  73  5:09  Overlord  
  73  5:10  Drone x3  
  75  5:16  Roach  
  75  5:19  Roach x5  
  87  5:23  Overlord  
  87  5:26  Roach  
  89  5:32  Glial Reconstitution  
  89  5:35  Hydralisk Den  
  87  5:37  Roach x4  
  87  5:39  Overlord  
  95  5:48  Overlord x2  
  95  5:56  Overseer  
  93  6:07  Hydralisk  
  93  6:08  Hydralisk  
  93  6:09  Hydralisk x4, Grooved Spines  
  105  6:13  Overlord  
  105  6:19  Hydralisk x2  
  105  6:23  Hydralisk  
  105  6:25  Hydralisk  
  113  6:26  Overlord x2  
  113  6:32  Roach x3  
  121  6:33  Roach  
  121  6:37  Roach x2  
  125  6:40  Roach x2  
  125  6:46  Roach  
  137  6:47  Roach x3  
  137  6:49  Roach  
  137  6:51  Roach  
  137  6:52  Roach  
  137  6:53  Overlord  
  143  6:57  Roach x2  
  147  7:03  Roach  
  147  7:04  Roach x2  
  147  7:07  Overlord x2  
  153  7:16  Roach x4  
  153  7:20  Overlord x2  
  161  7:25  Zergling x4  
  161  7:29  Ravager  
  165  7:30  Ravager, Zergling x6  
  165  7:31  Roach  
  165  7:32  Roach  
  165  7:34  Roach  
  174  7:40  Roach x4  
  169  7:51  Roach x6  
  169  7:52  Zergling x2  
  169  7:57  Zergling x2  
  181  8:02  Ravager  
  181  8:03  Ravager  
  181  8:04  Zergling x8  
  185  8:10  Ravager  
  185  8:11  Zergling x2  
  185  8:12  Zergling x2  
  185  8:14  Zergling x2  
  168  8:20  Hatchery  
Show
View Real Time Build Order
Export as new Build Order

Stats Protoss 

Build Orders: 1 Gate Expand, Oracle Opening, Phoenix Opening, Archon Immortal, Archon Drop 

Get SALT Encoding   

  12  0:00  Probe  
  13  0:13  Probe  
  14  0:19  Pylon  
  14  0:25  Probe  
  15  0:34  Probe  
  15  0:42  Probe  
  16  0:44  Gateway  
  16  0:47  Assimilator  
  17  0:52  Probe  
  18  1:04  Probe  
  19  1:16  Probe  
  20  1:24  Nexus  
  20  1:32  Cybernetics Core  
  20  1:35  Probe  
  21  1:41  Assimilator  
  21  1:47  Probe  
  21  1:52  Pylon  
  22  2:00  Probe  
  23  2:01  Adept  
  23  2:12  Probe  
  26  2:16  Stargate  
  26  2:24  Probe  
  26  2:26  Warp Gate  
  27  2:30  Adept  
  27  2:32  Probe x2  
  31  2:40  Probe x2  
  31  2:50  Probe x2  
  33  2:54  Phoenix  
  35  3:02  Probe x2  
  39  3:06  Pylon  
  39  3:14  Probe x2  
  39  3:16  Oracle  
  39  3:17  Assimilator  
  44  3:24  Assimilator  
  44  3:26  Probe  
  44  3:27  Probe  
  46  3:31  Gateway  
  46  3:38  Probe  
  46  3:39  Probe  
  48  3:43  Robotics Facility  
  48  3:51  Probe x2  
  50  3:56  Twilight Council  
  50  3:57  Pylon  
  50  4:03  Probe x2  
  52  4:13  Gateway  
  52  4:15  Probe x2, Gateway  
  54  4:20  Warp Prism  
  56  4:33  Templar Archives  
  56  4:34  Zealot  
  56  4:35  Zealot  
  60  4:46  Pylon  
  60  4:54  Nexus  
  60  4:57  Observer, Pylon  
  61  5:01  Pylon  
  61  5:06  Probe  
  63  5:08  Forge  
  63  5:13  High Templar x3  
  69  5:15  High Templar  
  69  5:17  Archon, Immortal  
  69  5:19  Archon  
  69  5:20  Probe x2  
  72  5:22  Protoss Ground Weapons Level 1  
  76  5:34  Probe x2  
  78  5:44  Charge  
  78  5:47  Immortal  
  77  5:59  Gateway  
  77  6:00  Gateway  
  77  6:03  Pylon  
  77  6:06  Probe x2  
  77  6:07  Probe  
  80  6:17  Gateway, Immortal  
  80  6:20  Gateway  
  80  6:21  Pylon  
  80  6:27  Probe x3  
  80  6:30  Sentry x3  
  93  6:35  Zealot  
  95  6:44  Probe x3  
  95  6:46  Immortal  
  98  6:59  Zealot x6  
  114  7:02  Pylon  
  114  7:07  Pylon  
  114  7:08  Pylon  
  114  7:12  Assimilator  
  114  7:13  Probe x3  
  114  7:14  Assimilator  
  117  7:25  Zealot x5  
  117  7:28  High Templar x2  
  131  7:30  Zealot  
  131  7:32  Archon  
  131  7:35  Immortal  
  110  7:57  Zealot x5  
  110  7:58  Zealot  
  112  8:07  Zealot x2  
  116  8:18  Zealot x2  
  116  8:19  Zealot x2  
  90  8:28  Zealot x3  
  90  8:31  Zealot  

Tags
 
Add a new tag
Caveats
  • Supply blocks, unpowered buildings, or Contaminate may cause inaccurate times.
  • Supply counts are checked every 10 seconds.